 Dungeon Crawl Stone Soup version 0.29.1-1-gd02db6906a (webtiles) character file.

Game seed: 11680377538310584124

4 concernfroge the Trooper (level 1, -1/18 HPs)
             Began as a Mummy Monk on Sept 18, 2022.
             Slain by a dart slug (3 damage)
             ... on level 2 of the Dungeon.
             The game lasted 00:00:53 (361 turns).

concernfroge the Trooper (Mummy Monk)                Turns: 361, Time: 00:00:54

Health: -1/18      AC:  2    Str: 14    XL:     1   Next: 58%
Magic:  1/1        EV: 12    Int:  9    God:
Gold:   34         SH:  0    Dex: 14    Spells: 0/0 levels left

rFire   x . .      SeeInvis .   a - +0 spear
rCold   + . .      Faith    .   (no shield)
rNeg    + + +      Spirit   .   b - +0 robe
rPois   ∞          Reflect  .   (no helmet)
rElec   .          Harm     .   (no cloak)
rCorr   .          Rampage  .   (no gloves)
Will    .....                   (no boots)
Stlth   ++........              (no amulet)
HPRegen 0.06/turn               (no ring)
MPRegen 0.07/turn               (no ring)

@: no status effects
A: cold resistance 1, negative energy resistance 3, torment resistance 2, heat
vulnerability 1, no potions
a: no special abilities


You were on level 2 of the Dungeon.
You visited 1 branch of the dungeon, and saw 2 of its levels.

You collected 34 gold pieces.

Inventory:

Hand Weapons
 a - a +0 spear (weapon)
Missiles
 d - a curare-tipped dart (quivered)
Armour
 b - a +0 robe (worn)


   Skills:
 + Level 3.3 Fighting
 - Level 2.4 Polearms
 - Level 2.4 Dodging
 - Level 1.5 Stealth


You couldn't memorise any spells.
You didn't know any spells.
Your spell library was empty.

Dungeon Overview and Level Annotations

Branches:
Dungeon (2/15)

Altars:


Innate Abilities, Weirdness & Mutations

You are immune to poison.
Your flesh is cold resistant. (rC+)
You are immune to negative energy. (rN+++)
You are immune to unholy pain and torment.
You are vulnerable to heat. (rF-)
You do not drink.


Message History

The dart slug launches a dart at you. The slug dart hits you.
You are too injured to fight recklessly!
The dart slug launches a dart at you. The slug dart hits you.
* * * LOW HITPOINT WARNING * * *
There is a stone staircase leading up here.
A worm comes into view.
A giant cockroach comes into view.
Found a fuming inky potion.
An adder and a rat come into view.
Found 7 stones.
The adder hisses angrily.
You hit the rat.
You kill the rat!
You barely miss the adder. The adder completely misses you.
You barely miss the adder. The adder barely misses you.
As you read the scroll labelled CEITUT XOJUINT, it crumbles to dust.
It is a scroll of amnesia.
You feel forgetful for a moment. The adder closely misses you.
You miss the adder. The adder closely misses you. The adder bites you.
* * * LOW HITPOINT WARNING * * *
Throw: 3 darts (curare)
Press: ? - help, Q - select action Shift-Dir - straight line, f - dart slug
Aim: a dart slug (93% to hit)
You throw a curare-tipped dart.
The curare-tipped dart hits the dart slug.
The dart slug is poisoned.
The dart slug convulses.
The dart slug seems to slow down.
The dart slug is moderately wounded.
The adder closely misses you.
Throw: 2 darts (curare)
Press: ? - help, Q - select action Shift-Dir - straight line, f - adder, p - dart slug
Aim: an adder (40% to hit)
You throw a curare-tipped dart. The curare-tipped dart hits the adder.
The adder is poisoned.
The adder convulses.
You kill the adder!
The dart slug bites you.
You die...

.................
....................
....................
....?.......#.......
...........##.......
.......<...#......#
........#........###
###.....#..w........
##.....#...@†......
.............(......
##...###.........##.
#... #.........#
#...!..........#..
#..............# (.
####...........# .
#......######
.......#


You could see a dart slug (very poisoned, slow).

Vanquished Creatures
  An adder (D:2)
  A kobold (D:2)
  2 quokkas (D:1)
  A rat (D:2)
5 creatures vanquished.

Notes
Turn   | Place    | Note
-------+----------+-------------------------------------------
     0 | D:1      | concernfroge the Mummy Monk began the quest for the Orb.
     0 | D:1      | Reached XP level 1. HP: 18/18 MP: 1/1
   361 | D:2      | Slain by a dart slug

Illustrated notes

Levels and vault maps discovered:
D:1:      reono_arrival_mine, layout_rooms, serial_corexii_hall,
          chequers_hall_statues_y, chequers_hall_statues_y,
          chequers_hall_statues_corner_a, corexii_hall_statues_u,
          corexii_hall_statues_i, chequers_hall_statues_corner_a,
          basic_ecumenical_altar
D:2:      layout_basic, serial_shops, shop, minmay_goblin_kobold_house

Action                   || total
-------------------------++-------
Melee: Spear             ||    33
Throw: Dart              ||     2
  Use: Scroll            ||     1
 Stab: Sleeping          ||     1
Armor: Robe              ||     3
Dodge: Dodged            ||    22
